 Dungeon Crawl Stone Soup version 0.31-a0-806-g0bc164a743 (webtiles) character file.

Game seed: 16008966852486062153

611 hikkokomori the Vexing (level 7, 0/50 (53) HPs)
             Began as a Formicid Hexslinger on Sept 20, 2023.
             Slain by a wight
             ... wielding a +0 mace
              (2 damage)
             ... on level 7 of the Dungeon.
             The game lasted 00:07:13 (3128 turns).

hikkokomori the Vexing (Formicid Hexslinger)        Turns: 3128, Time: 00:07:13

HP:   0/50 (53)     AC:  2    Str: 13      XL:     7   Next: 72%
MP:   3/21          EV: 11    Int: 12      God:
Gold: 204           SH:  4    Dex: 12 (18) Spells: 7/12 levels left

rFire   . . .        a - +1 sling
rCold   . . .        l - +0 buckler
rNeg    . . .        c - +0 robe
rPois   .            (helmet unavailable)
rElec   .            (no cloak)
rCorr   .            (no gloves)
SInv    +            (no boots)
Will    .....        (no amulet)
Stlth   ++           v - ring of magical power
HPRegen 0.28/turn    (no ring)
MPRegen 0.17/turn

%: no passive effects
@: weak-willed, drained
A: permanent stasis, dig shafts and tunnels, antennae 3, four strong arms
a: Dig, Shaft Self


You were on level 7 of the Dungeon.
You visited 1 branch of the dungeon, and saw 6 of its levels.

You collected 204 gold pieces.

Inventory:

Hand Weapons
 a - a +1 sling (weapon)
Armour
 c - a +0 robe (worn)
 l - a +0 buckler (worn)
 r - a +0 tower shield
Jewellery
 v - a ring of magical power (left hand)
Scrolls
 b - a scroll of poison
 f - a scroll of teleportation
 k - 2 scrolls of fog {unknown}
 m - a scroll of amnesia {unknown}
 n - a scroll of fear {unknown}
 o - a scroll of revelation {unknown}
 p - a scroll of identify {unknown}
 t - a scroll of blinking {unknown}
Potions
 d - 2 potions of might {unknown}
 e - 2 potions of brilliance
 g - a potion of curing
 h - a potion of magic {unknown}
 i - 2 potions of haste {unknown}
 j - 2 potions of degeneration {unknown}
 q - a potion of enlightenment {unknown}
 s - a potion of mutation {unknown}
 u - a potion of attraction {unknown}


   Skills:
 + Level 3.7 Fighting
 + Level 3.9 Ranged Weapons
 - Level 2.0 Dodging
 - Level 1.5 Stealth
 + Level 3.4 Shields
 + Level 3.3 Spellcasting
 - Level 4.0 Hexes
 + Level 3.4 Fire Magic


You had 7 spell levels left.
You knew the following spells:

 Your Spells              Type           Power      Damage    Failure   Level
a - Jinxbite              Hex            22%        N/A       9%          2
b - Inner Flame           Hex/Fire       11%        N/A       21%         3

Your spell library contained the following spells:

 Spells                   Type           Power      Damage    Failure   Level
 Sigil of Binding         Hex            11%        N/A       19%         3
 Ensorcelled Hibernation  Hex/Ice        12%        N/A       22%         2
 Passwall                 Tmut/Erth      1%         N/A       43%         2
 Cause Fear               Hex            5%         N/A       52%         4
 Dimensional Bullseye     Hex/Tloc       3%         N/A       80%         4
 Swiftness                Air            Unusable   N/A       N/A         3

Dungeon Overview and Level Annotations

Branches:
Dungeon (7/15)
 Temple: D:4-7

Altars:
Fedhas
Kikubaaqudgha
Makhleb
Yredelemnul
The Shining One

Shops:
D:1 =?

Annotations:
D:6 Grinder


Innate Abilities, Weirdness & Mutations

You cannot be hasted, slowed, berserked, paralysed or teleported.
You can dig through walls and to a lower floor.
You have a pair of large antennae on your head. (SInv)
Your four strong arms can wield two-handed weapons with a shield.


Message History

A giggling sprite leaps out and smacks the wight with its own hand.
The wight is heavily damaged.
A giggling sprite leaps out and makes the orc priest trip over its own feet.
The orc priest is almost dead.
The jinxing sprites lose interest in you.
The orc priest hits you with a +0 short sword.
You shoot a sling bullet.
The sling bullet hits the orc priest but does no damage.
The orc priest is almost dead.
The orc priest calls down the wrath of Beogh upon you.
Beogh smites you!
Unknown command.
You shoot a sling bullet. The sling bullet hits the orc priest.
You kill the orc priest!
You shoot a sling bullet. The sling bullet hits the wight.
The wight is severely damaged.
You block the wight's attack. The wight hits you with a +0 mace.
You shoot a sling bullet.
The sling bullet hits the wight but does no damage.
The wight is severely damaged.
The wight hits you with a +0 mace!
* * * LOW HITPOINT WARNING * * *
You feel drained.
* * * LOW HITPOINT WARNING * * *
You shoot a sling bullet.
The sling bullet barely misses the wight.
The wight seems less drained.
The wight closely misses you.
Your magical contamination has completely faded away.
Unknown command.
You shoot a sling bullet. The sling bullet hits the wight.
The wight is almost destroyed.
The wight hits you with a +0 mace.
* * * LOW HITPOINT WARNING * * *
Unknown command.
You shoot a sling bullet.
The sling bullet barely misses the wight.
The wight hits you with a +0 mace.
* * * LOW HITPOINT WARNING * * *
You feel drained.
You die...

############
#<.........#
##########.# #.#
#.# #@# #z#
####### #.##
#......
#>.#########......
#.....z...........
#.................
#.................
#..............###
#.................


You could see a wight.

Vanquished Creatures
  Eustachio (D:4)
  An ice beast (D:7)
  An ogre (D:6)
  A scorpion (D:4)
  A hound (D:6)
  An orc priest (D:7)
  Natasha (twice) (D:4)
  6 adders
  A worm (D:3)
  4 orcs
  5 ball pythons
  9 endoplasms
  3 giant cockroaches
  6 goblins
  5 hobgoblins
  7 jackals
  3 kobolds
  3 quokkas
  5 bats
  A frilled lizard (D:1)
  8 rats
74 creatures vanquished.

Notes
Turn   | Place    | Note
-------+----------+-------------------------------------------
     0 | D:1      | hikkokomori the Formicid Hexslinger began the quest for the
                  | Orb.
     0 | D:1      | Reached XP level 1. HP: 15/15 MP: 2/2
   172 | D:1      | Reached XP level 2. HP: 21/21 MP: 3/3
   261 | D:1      | Found Iguh's Jewellery Boutique.
   458 | D:1      | Found Udeazach's Magic Scroll Shoppe.
   615 | D:2      | Reached XP level 3. HP: 25/26 MP: 5/5
   820 | D:2      | Reached skill level 1 in Stealth
   820 | D:2      | Reached skill level 4 in Hexes
   820 | D:2      | Reached XP level 4. HP: 33/33 MP: 6/6
   823 | D:2      | Learned a level 2 spell: Jinxbite
   827 | D:2      | Learned a level 3 spell: Inner Flame
  1242 | D:3      | Found a faded altar of an unknown god.
  1407 | D:3      | Reached XP level 5. HP: 38/38 MP: 7/7
  1491 | D:3      | Found a basalt altar of Yredelemnul.
  1491 | D:3      | Found a burning altar of Makhleb.
  1690 | D:4      | Found an ancient bone altar of Kikubaaqudgha.
  1691 | D:4      | Found a blossoming altar of Fedhas.
  1770 | D:4      | Found a glowing golden altar of the Shining One.
  1785 | D:4      | Noticed Natasha
  1791 | D:4      | Killed Natasha
  1820 | D:4      | Reached skill level 1 in Shields
  1820 | D:4      | Reached XP level 6. HP: 40/46 MP: 7/9
  2048 | D:4      | Noticed Natasha
  2060 | D:4      | Killed Natasha
  2126 | D:4      | Noticed Eustachio
  2156 | D:4      | Killed Eustachio
  2365 | D:4      | Noticed an orc warrior
  2370 | D:4      | Reached XP level 7. HP: 52/52 MP: 4/11
  2541 | D:4      | You fall into a shaft and drop 2 floors!
  2666 | D:6      | Noticed Grinder
  3128 | D:7      | HP: 2/51 [wight/+0 mace (6)]
  3128 | D:7      | Slain by a wight

Illustrated notes

Levels and vault maps discovered:
D:1:      eino_arrival_water_cross, layout_loops_cross, serial_shops,
          nicolae_shop_pleasant_corner_grove, shop, amethyst_killhole,
          wad_floor_pattern_1
D:2:      layout_basic
D:3:      layout_rooms, gammafunk_temple_overflow_elements,
          ebering_ecumenical_altar_rust
D:4:      layout_basic, grunt_temple_overflow_growth_and_decay, tso_metal_star,
          uniq_eustachio, uniq_natasha
D:6:      layout_rooms, minmay_temple_entry_hall, serial_glass, glass_columns_a,
          glass_columns_a, interstate_on_off, uniq_grinder
D:7:      layout_basic, minmay_the_grid_2x2 [minmay_the_grid_plusring,
          minmay_the_grid_embedded, minmay_the_grid_box_x,
          minmay_the_grid_prize_four_corners]

Skill      XL: |  1  2  3  4  5  6  7 |
---------------+----------------------+-----
Dodging        | 2 |  2.0
Stealth        | 1 |  1.5
Hexes          | 4 |  4.0
Fighting       | 2 3 |  3.7
Fire Magic     | 2 3 |  3.4
Spellcasting   | 2 3 |  3.3
Ranged Weapons | 3 |  3.9
Shields        | 1 2 3 |  3.4

Action                     |  1- 3 |  4- 6 |  7- 9 || total
---------------------------+-------+-------+-------++-------
   Fire: Sling             |    53 |   157 |    33 ||   243
   Cast: Jinxbite          |       |     4 |     5 ||     9
         Inner Flame       |       |     2 |     8 ||    10
Ability: Shaft Self        |       |       |     1 ||     1
    Use: Scroll            |       |     1 |     1 ||     2
         Potion            |       |       |     4 ||     4
 Armour: Robe              |     7 |    73 |    38 ||   118
  Dodge: Dodged            |     4 |    76 |    18 ||    98
  Block: Buckler           |       |    24 |    12 ||    36

Table legend: (Time is in decaauts)
 A = Elapsed time spent in this place.
 B = Non-inter-level travel time spent in this place.
 C = Inter-level travel time spent in this place.
 D = Time resting spent in this place.
 E = Time spent auto-exploring this place.
 F = Levels seen in this place.
 G = Mean time per level.
                   A        B        C        D        E       F      G
               +--------+--------+--------+--------+--------+-----+--------+
         Total |   3198 |   3183 |     15 |    524 |   1966 |   6 |  533.0 |
       Dungeon |   3198 |   3183 |     15 |    524 |   1966 |   6 |  533.0 |
               +--------+--------+--------+--------+--------+-----+--------+

Top non-repeatable levels by time:
     D:4: 880 daAuts
     D:3: 598 daAuts
     D:1: 598 daAuts
     D:2: 527 daAuts
     D:7: 400 daAuts
     D:6: 193 daAuts
